 Dungeon Crawl Stone Soup version 0.32-a0-540-g866d13106e (webtiles) character file.

Game seed: 4552362690043696550

455 javelincjr the Trooper (level 6, -1/76 HPs)
             Began as a Demonspawn Fighter on Feb 28, 2024.
             Was an Initiate of Beogh.
             Slain by Eustachio
             ... wielding a +0 falchion
              (4 damage)
             ... on level 4 of the Dungeon.
             The game lasted 00:09:50 (2752 turns).

javelincjr the Trooper (Demonspawn Fighter)         Turns: 2752, Time: 00:09:51

Health: -1/76      AC: 13    Str: 18    XL:     6   Next: 76%
Magic:  0/6        EV:  7    Int:  9    God:    Beogh [......]
Gold:   245        SH:  9    Dex: 12    Spells: 5/5 levels left

rFire   . . .        a - +0 trident
rCold   . . .        c - +0 buckler
rNeg    . . .        s - +0 chain mail
rPois   .            (no helmet)
rElec   .            (no cloak)
rCorr   .            (no gloves)
SInv    .            (no boots)
Will    .....        l - amulet of guardian spirit Stlth
                     (no ring)
HPRegen 0.32/turn    (no ring)
MPRegen 0.10/turn

%: guardian spirit
@: berserking, very quick
A: icemail 1, condensation shield, weakness stinger 1, wild magic 2, inability
to drink after injury 1, inability to read after injury 1
a: Renounce Religion


You were on level 4 of the Dungeon.
You worshipped Beogh.
Beogh was noncommittal.
You visited 1 branch of the dungeon, and saw 4 of its levels.

You collected 245 gold pieces.

Inventory:

Hand Weapons
 a - a +0 trident (weapon)
 b - a +0 orcbow
 t - a +0 shortbow
Missiles
 h - 4 poisoned darts (quivered)
Armour
 c - a +0 buckler (worn)
 s - a +0 chain mail (worn)
 v - a +0 tower shield
 A - a +0 scale mail
Jewellery
 l - an amulet of guardian spirit (around neck)
 w - the ring of Moderation {Ice rN+ rCorr Str-5}
   (You found it on level 3 of the Dungeon)

   [ring of ice]

   Ice:       It enhances your ice magic.
   Str-5:     It affects your strength (-5).
   rF-:       It makes you vulnerable to fire.
   rC+:       It protects you from cold.
   rN+:       It protects you from negative energy.
   rCorr:     It protects you from acid and corrosion.
Talismans
 r - a serpent talisman
Wands
 i - a wand of mindburst (7)
 x - a wand of light (6)
Scrolls
 d - 2 scrolls of immolation {unknown}
 f - a scroll of blinking {unknown}
 g - 2 scrolls of noise {unknown}
 j - 2 scrolls of teleportation {unknown}
 k - 5 scrolls of revelation {unknown}
 m - 3 scrolls of identify {unknown}
 o - a scroll of summoning {unknown}
 q - a scroll of poison {unknown}
 y - a scroll of enchant weapon {unknown}
 B - a scroll of vulnerability {unknown}
 C - a scroll of enchant armour {unknown}
Potions
 e - 3 potions of degeneration
 n - a potion of brilliance
 u - a potion of cancellation {unknown}
 z - a potion of invisibility {unknown}
 D - a potion of haste {unknown}


   Skills:
 * Level 5.2 Fighting
 + Level 3.2 Polearms
 + Level 3.8 Armour
 + Level 1.3 Dodging
 + Level 3.9 Shields


You had 5 spell levels left.
You didn't know any spells.
Your spell library contained the following spells:

 Spells                   Type           Power      Damage    Failure   Level
 Freeze                   Ice            0%         1d3       100%        1
 Frozen Ramparts          Ice            0%         1d1       100%        3
 Hailstorm                Conj/Ice       0%         3d5       100%        3


Dungeon Overview and Level Annotations

Branches:
Dungeon (4/15)
 Temple: D:4-7

Altars:
Vehumet

Annotations:
D:4 Eustachio


Innate Abilities, Weirdness & Mutations

A meltable icy envelope protects you from harm. (AC +4)
A meltable shield of frost defends you. (SH +4)
You have a small tail.
Your spells are harder to cast, but more powerful.
You occasionally lose the ability to drink potions when taking damage.
You occasionally lose the ability to read scrolls when taking damage.


Message History

The crimson imp closely misses you.
You closely miss Eustachio. You tail-slap Eustachio.
Eustachio is almost dead.
You block the bat's attack. The bat closely misses you.
The rat bites you but does no damage. The bat hits you but does no damage. x3
You block Eustachio's attack.
The crimson imp shouts, "Escape, thou bootless two-tin-hat vulture!"
The crimson imp hits you but does no damage.
The crimson imp barely misses you.
You closely miss Eustachio.
You tail-slap Eustachio, but do no damage.
Eustachio is almost dead.
The bat hits you but does no damage. The bat barely misses you.
The bat hits you but does no damage. x2; The rat barely misses you.
Eustachio hits you but does no damage.
The crimson imp hits you but does no damage. x2
You block the rat's attack.
You closely miss Eustachio.
Eustachio is almost dead.
The crimson imp disappears in a puff of smoke!
The bat barely misses you. You block the bat's attack. x2
The bat hits you but does no damage. Eustachio hits you with a +0 falchion.
* * * LOW HITPOINT WARNING * * *
The bat hits you but does no damage.
The crimson imp hits you but does no damage.
The rat barely misses you.
You hit Eustachio.
Eustachio is almost dead.
You block the bat's attack. The bat barely misses you.
The bat closely misses you. You block the bat's attack.
Eustachio hits you with a +0 falchion.
* * * LOW HITPOINT WARNING * * *
The crimson imp hits you but does no damage.
The rat barely misses you. The bat hits you but does no damage.
It was a potion of berserk rage.
A red film seems to cover your vision as you go berserk!
You feel yourself moving faster!
You feel mighty! You block the bat's attack. x2
The bat hits you but does no damage. x2; Eustachio hits you with a +0 falchion.
You die...
Eustachio twirls his moustache.

##......##...#.......
#..##.#..#..##.......
......#..#.ß...#...........
..##..#...ß.#..#...........
.@##..#..#.##..#.#.........
.....[##......##...........
.....##.b..##............
...###'@##....####.....
..##.#.#.b@.#....##........
##.....r5b........##.....
.................####.....†
.#.#######.##...###........
#.....####...#....
#......#.....##...
#####.............
........†.#...
#####....<#...


You could see Eustachio, a crimson imp (summoned), 3 bats and a rat (summoned).

Vanquished Creatures
  A phantom (D:4)
  A scorpion (D:3)
  A bombardier beetle (D:4)
  A hound (D:3)
  A sleepcap (D:3)
  Ijyb (D:3)
  2 iguanas (D:4)
  An orc wizard (D:3)
  4 gnolls (D:4)
  3 adders
  A dart slug (D:1)
  2 ribbon worms (D:3)
  2 orcs (D:3)
  A bat (D:1)
  4 endoplasms
  3 giant cockroaches (D:4)
  5 goblins
  5 hobgoblins
  2 jackals (D:1)
  4 quokkas
  4 ball pythons
  5 frilled lizards
  9 kobolds
  5 rats
68 creatures vanquished.

Notes
Turn   | Place    | Note
-------+----------+-------------------------------------------
     0 | D:1      | javelincjr the Demonspawn Fighter began the quest for the
                  | Orb.
     0 | D:1      | Reached XP level 1. HP: 18/18 MP: 1/1
   293 | D:1      | Gained mutation: A meltable shield of frost defends you.
                  | (SH +4) [demonic ancestry]
   293 | D:1      | Reached XP level 2. HP: 24/24 MP: 2/2
   674 | D:2      | Gained mutation: You have a small tail. [demonic ancestry]
   674 | D:2      | Reached XP level 3. HP: 29/29 MP: 3/3
   706 | D:2      | You fall into a shaft and drop 2 floors!
   719 | D:4      | Noticed a phantom
   743 | D:4      | Killed a phantom
   744 | D:4      | Reached skill level 4 in Fighting
   744 | D:4      | Reached XP level 4. HP: 14/37 MP: 1/4
   857 | D:4      | HP: 1/37 [iguana (9)]
   859 | D:4      | Gained mutation: Your spells are a little harder to cast,
                  | but a little more powerful. [potion of mutation]
   859 | D:4      | Gained mutation: You occasionally lose the ability to drink
                  | potions when taking damage. [potion of mutation]
   859 | D:4      | Gained mutation: You occasionally lose the ability to read
                  | scrolls when taking damage. [potion of mutation]
   859 | D:4      | Gained mutation: Your spells are harder to cast, but more
                  | powerful. [potion of mutation]
   863 | D:4      | Gained mutation: A meltable icy envelope protects you from
                  | harm. (AC +4) [demonic ancestry]
   863 | D:4      | Reached XP level 5. HP: 11/43 MP: 0/5
  1315 | D:2      | Found a radiant altar of Vehumet.
  1531 | D:3      | Identified the ring of Moderation {Ice rN+ rCorr Str-5}
  1568 | D:3      | Noticed Ijyb
  1580 | D:3      | Killed Ijyb
  1788 | D:3      | HP: 2/43 [scorpion (3)]
  1794 | D:3      | Reached XP level 6. HP: 13/50 MP: 1/6
  2297 | D:3      | Became a worshipper of Beogh the Shepherd
  2460 | D:3      | Reached skill level 5 in Fighting
  2460 | D:3      | Reached skill level 1 in Dodging
  2713 | D:4      | Noticed Eustachio
  2751 | D:4      | HP: 1/51 [Eustachio/+0 falchion (4)]
  2752 | D:4      | Slain by Eustachio

Illustrated notes

Levels and vault maps discovered:
D:1:      minmay_arrival_doors, layout_loops_cross
D:2:      layout_basic, basic_altar
D:3:      layout_basic, uniq_ijyb
D:4:      layout_rooms, minmay_temple_entry_stoned_glass,
          kennysheep_generic_room_3, uniq_eustachio

Skill      XL: |  1  2  3  4  5  6 |
---------------+-------------------+-----
Polearms       | 2 3 |  3.2
Armour         | 3 |  3.8
Shields        | 3 |  3.9
Fighting       | 4 5 |  5.2
Dodging        | 1 |  1.3

Action                     |  1- 3 |  4- 6 || total
---------------------------+-------+-------++-------
  Melee: Trident           |   101 |   210 ||   311
         Tailslap          |     2 |    26 ||    28
  Throw: Dart              |       |     6 ||     6
 Invoke: Convert to Beogh  |       |     1 ||     1
    Use: Potion            |       |     9 ||     9
 Armour: Scale mail        |    37 |    26 ||    63
         Chain mail        |       |   219 ||   219
  Dodge: Dodged            |    17 |   108 ||   125
  Block: Buckler           |    31 |   127 ||   158

Table legend: (Time is in decaauts)
 A = Elapsed time spent in this place.
 B = Non-inter-level travel time spent in this place.
 C = Inter-level travel time spent in this place.
 D = Time resting spent in this place.
 E = Time spent auto-exploring this place.
 F = Levels seen in this place.
 G = Mean time per level.
                   A        B        C        D        E       F      G
               +--------+--------+--------+--------+--------+-----+--------+
         Total |   2818 |   2765 |     53 |    408 |   1615 |   4 |  704.5 |
       Dungeon |   2818 |   2765 |     53 |    408 |   1615 |   4 |  704.5 |
               +--------+--------+--------+--------+--------+-----+--------+

Top non-repeatable levels by time:
     D:3: 1076 daAuts
     D:1: 642 daAuts
     D:2: 624 daAuts
     D:4: 475 daAuts
